 Dungeon Crawl Stone Soup version 0.21.1-1-g345015fe64 (webtiles) character file.

145204 Gargoyl the Severer (level 16, -1/138 HPs)
             Began as a Centaur Abyssal Knight on Feb 20, 2018.
             Was a High Priest of Lugonu.
             Slain by a meliai
             ... wielding a +0 scimitar
              (5 damage)
             ... while paralysed by a meliai
             ... on level 2 of the Spider Nest.
             The game lasted 01:06:13 (28585 turns).

Gargoyl the Severer (Centaur Abyssal Knight)       Turns: 28585, Time: 01:06:15

Health: -1/138     AC: 31    Str: 26    XL:     16   Next: 86%
Magic:  26/26      EV:  1    Int: 11    God:    Lugonu [*****.]
Gold:   2425       SH:  0    Dex: 13    Spells: 15/15 levels left

rFire    + . .     SeeInvis .   e - +2 broad axe (drain)
rCold    . . .     Gourm    .   v - +2 large shield {reflect}
rNeg     . . .     Faith    .   F - +2 plate armour {rF+}
rPois    +         Spirit   .   j - +2 helmet
rElec    +         Reflect  +   A - scarf {cloud immunity}
rCorr    .         Harm     .   L - +1 pair of gloves "Tawnejas" {rElec Str+4}
MR       +....                  H - +4 centaur barding
Stlth    ..........             s - amulet of regeneration
HPRegen  0.73/turn              q - +4 ring of strength
MPRegen  0.20/turn              n - +2 ring of slaying

@: paralysed, held, very quick
A: large, hooves 3, deformed body, speed 2, poison resistance, tough skin 3,
MP-powered wands, sturdy frame 1
a: Depart the Abyss, Bend Space, Banish, Corrupt, Enter the Abyss, Renounce
Religion


You were on level 2 of the Spider Nest.
You worshipped Lugonu.
Lugonu was extremely pleased with you.
You were not hungry.

You visited 4 branches of the dungeon, and saw 25 of its levels.
You visited the Abyss 4 times.
You also visited: Labyrinth, Sewer and Volcano.

You collected 2672 gold pieces.
You spent 247 gold pieces at shops.

Inventory:

Hand Weapons
 e - a +2 broad axe of draining (weapon)
 o - a +0 broad axe of venom
 R - a +0 hand axe of flaming
Missiles
 h - 26 tomahawks (quivered)
Armour
 j - a +2 helmet (worn)
 v - a +2 large shield of reflection (worn)
 A - a scarf of cloud immunity (worn)
 F - a +2 plate armour of fire resistance (worn)
 H - a +4 centaur barding (worn)
 L - the +1 pair of gloves "Tawnejas" (worn) {rElec Str+4}
   (You found it on level 6 of the Lair of Beasts)

   It affects your strength (+4).
   It insulates you from electricity.
Jewellery
 d - an uncursed ring of protection from fire
 i - an uncursed ring of poison resistance
 n - a +2 ring of slaying (right hand)
 q - a +4 ring of strength (left hand)
 s - an amulet of regeneration (around neck)
 y - an uncursed ring of protection from magic
Wands
 w - a wand of paralysis (29)
 x - a wand of digging (17)
 C - a wand of acid (7)
 D - a wand of iceblast (16)
 G - a wand of flame (108)
 O - a wand of random effects (14)
 W - a wand of enslavement (8)
Scrolls
 b - 9 scrolls of remove curse
 f - a scroll of identify
 m - 2 scrolls of blinking
 u - 2 scrolls of teleportation
 B - 7 scrolls of amnesia
 M - 2 scrolls of magic mapping
 P - 4 scrolls of fog
 S - 2 scrolls of fear
Potions
 a - 4 potions of curing
 k - 2 potions of berserk rage
 l - 3 potions of heal wounds
 p - 6 potions of brilliance
 r - 4 potions of haste
 t - 8 potions of flight
 z - a potion of agility
 E - 2 potions of magic
 J - a potion of invisibility
 N - a potion of resistance
 U - a potion of ambrosia
 V - a potion of lignification
Books
 g - a book of Misfortune

   Spells                             Type                      Level
   a - Confusing Touch                Hexes                        1
   b - Confuse                        Hexes                        3
   c - Gell's Gravitas                Translocation                3
   d - Petrify                        Transmutation/Earth          4
   e - Metabolic Englaciation         Hexes/Ice                    5
   f - Yara's Violent Unravelling     Hexes/Transmutation          5
 I - a book of Cantrips

   Spells                             Type                      Level
   a - Confusing Touch                Hexes                        1
   b - Animate Skeleton               Necromancy                   1
   c - Summon Small Mammal            Summoning                    1
   d - Apportation                    Translocation                1
 K - the Disquisition on Stones
   (You found it in a labyrinth)

   Spells                             Type                      Level
   a - Sandblast                      Earth                        1
   b - Petrify                        Transmutation/Earth          4
   c - Iron Shot                      Conjuration/Earth            6
   d - Statue Form                    Transmutation/Earth          6
 Q - a book of Necromancy

   Spells                             Type                      Level
   a - Pain                           Necromancy                   1
   b - Animate Skeleton               Necromancy                   1
   c - Vampiric Draining              Necromancy                   3
   d - Regeneration                   Charms/Necromancy            3
   e - Animate Dead                   Necromancy                   4
   f - Borgnjor's Vile Clutch         Necromancy/Earth             5
 T - a book of Geomancy

   Spells                             Type                      Level
   a - Sandblast                      Earth                        1
   b - Passwall                       Transmutation/Earth          2
   c - Stone Arrow                    Conjuration/Earth            3
   d - Petrify                        Transmutation/Earth          4
   e - Lee's Rapid Deconstruction     Earth                        5
Comestibles
 c - 28 rations
 X - 2 chunks of flesh


   Skills:
 + Level 11.5 Fighting
 + Level 15.8 Axes
 + Level 0.3 Throwing
 * Level 11.2 Armour
 + Level 2.3 Dodging
 + Level 9.2 Shields
 * Level 14.5 Invocations
 + Level 0.1 Evocations


You had 15 spell levels left.
You didn't know any spells.

Dungeon Overview and Level Annotations

Branches:
Dungeon (15/15)            Temple (0/1) D:4            Lair (6/6) D:11
 Shoals (0/4) Lair:2       Spider (2/4) Lair:4        Slime (0/5) Lair:5
    Orc (2/2) D:9             Elf (0/3) Orc:2        Vaults (0/5) D:13
 Depths (0/5) D:15

Altars:
Ashenzari
Elyvilon
Kikubaaqudgha
Makhleb
Okawaru
Qazlal
Sif Muna
Wu Jian
Xom
Beogh
Jiyva

Shops:
D:14 *   Orc:2 [%((

Portals:
Trove: D:14 (show slimy rune of Zot)


Innate Abilities, Weirdness & Mutations

You have hooves in place of feet.
Armour fits poorly on your strangely shaped body.
You cover ground very quickly.
You have extremely tough skin. (AC +3)
Your system is resistant to poisons. (rPois)
You expend magic power (3 MP) to strengthen your wands.
Your movements are slightly less encumbered by armour. (ER -2)


Message History

The jumping spider bites you but does no damage.
A tarantella comes into view.
The meliai invokes the aid of its god against you.
Something smites you!
* * * LOW HITPOINT WARNING * * *
The meliai hits you but does no damage. The meliai completely misses you.
The jumping spider leaps!
The meliai hits you but does no damage.
The meliai stings you but does no damage.
The wolf spider hits you but does no damage.
The wolf spider bites you but does no damage.
The meliai hits you but does no damage.
The meliai stings you but does no damage.
The jumping spider leaps!
The jumping spider pounces on you.
* * * LOW HITPOINT WARNING * * *
You are even more entangled.
The jumping spider bites you.
* * * LOW HITPOINT WARNING * * *
The meliai hits you with a scimitar.
* * * LOW HITPOINT WARNING * * *
The meliai stings you.
You die...

#........#..#.^.....##
#.........^##.#.###..^
.§#..#....#.#######
##.. ......##..#^###
##. ..#..s......# ##
##†.........
s..§...#§........
......##ss.......
......#y@s........
..... #yys.......
#....#........... #...
#.s#.#..... .).. .§.
##..... #s.. .....
.>.. .... ..... #..


You could see a wolf spider, an orb spider, 4 jumping spiders, a tarantella and
3 meliai.

Vanquished Creatures
  Asterion (Spider:1)
  Kirke (Spider:1)
  A tentacled starspawn (Abyss:1)
  Donald (Spider:1)
  The ghost of VanClaymore the Bludgeoner, an adept GrBe of Trog (Spider:1)
  Louise (D:14)
  A very ugly thing (Abyss:3)
  A stone giant (Orc:1)
  A dire elephant (D:15)
  An ettin (Orc:1)
  Snorg (Lair:6)
  Josephine (D:10)
  A minotaur (Lab)
  Harold (D:10)
  A rakshasa (Abyss:3)
  3 hydras
  3 centaur warriors
  Erica (D:10)
  A death knight (D:14)
  2 two-headed ogres
  3 tengu warriors
  6 orc high priests
  5 thrashing horrors
  A fire crab (shapeshifter) (D:13)
  3 wretched stars
  2 wizards
  A lindwurm (D:13)
  A harpy (shapeshifter) (D:15)
  8 orb spiders
  7 orc knights
  2 deep elf magi
  12 wolf spiders
  2 cyclopes (D:15)
  11 ugly things
  2 orc sorcerers
  2 large abominations
  A toenail golem (Volcano)
  3 manticores
  8 black mambas
  22 elephants
  A worldbinder (Abyss:3)
  An orange demon (Abyss:3)
  Maurice (Orc:1)
  2 molten gargoyles (Volcano)
  2 gargoyles
  31 spiny frogs
  6 komodo dragons
  7 demonic crawlers
  An ancient zyme (Abyss:2)
  2 freezing wraiths
  2 efreet (Volcano)
  2 guardian mummies (D:14)
  A tengu conjurer (D:15)
  5 trolls
  A harpy zombie (D:14)
  12 jumping spiders
  Grinder (Sewer)
  A polar bear (Lair:2)
  5 tyrant leeches (Lair:6)
  A hornet (Spider:1)
  9 slime creatures
  7 raiju (Abyss:1)
  12 hippogriffs
  26 blink frogs
  39 redbacks
  5 wraiths
  A yak (shapeshifter) (Abyss:1)
  22 tarantellas
  2 wyverns
  5 fire elementals (Volcano)
  8 spriggans (Lair:2)
  A steam dragon (D:11)
  4 fire bats (Abyss:2)
  53 yaks
  2 hogs (Spider:1)
  4 basilisks
  A chaos spawn (Abyss:2)
  8 vampire mosquitoes
  2 hungry ghosts
  Menkaure (D:7)
  6 wargs
  Edmund (D:6)
  3 acid dragons
  10 water moccasins
  9 porcupines
  49 orc warriors
  3 black bears
  A hornet zombie (D:15)
  6 ice beasts
  An eye of draining (D:15)
  2 phantoms
  4 sky beasts
  13 ogres
  11 centaurs
  5 small abominations
  10 wolves
  15 crocodiles
  3 earth elementals (Volcano)
  27 bullfrogs
  4 big kobolds
  3 scorpions
  5 killer bees (D:11)
  3 troll skeletons (Lab)
  8 wights
  3 howler monkeys
  An electric eel (Lair:3)
  3 centaur zombies
  15 crimson imps
  3 quasits
  4 lava snakes (D:9)
  38 orc priests
  6 centaur skeletons
  9 hounds
  A gnoll shaman (D:9)
  3 jellies
  4 iguanas
  18 orc wizards
  12 worker ants
  5 big kobold zombies (Sewer)
  An ogre skeleton (Lab)
  A hound zombie (D:11)
  A hound skeleton (D:11)
  Robin (D:3)
  9 gnolls
  17 adders
  7 shadow imps
  3 oozes
  An adder skeleton (D:6)
  4 worms
  6 leopard geckos
  115 orcs
  A ball python (D:1)
  7 giant cockroaches
  15 goblins
  14 hobgoblins
  7 jackals
  29 kobolds
  4 quokkas
  A ball python skeleton (D:3)
  9 bats
  9 frilled lizards
  A jackal skeleton (D:7)
  8 rats
  A fire vortex (Volcano)
  2 fungi
  2 plants (Lair:6)
  A starspawn tentacle (Abyss:1)
1028 creatures vanquished.

Vanquished Creatures (others)
  7 hydras
  2 lindwurms (Volcano)
  An efreet (Volcano)
  A human (Spider:1)
  An orc warrior (Orc:1)
  A centaur (D:15)
  An orc priest (Orc:1)
  An ooze (Sewer)
  An orc (Orc:2)
  A giant cockroach zombie (Sewer)
  2 bushes (Lair:6)
  A fire vortex (Volcano)
  6 fungi (Lair:6)
  67 plants
  A starspawn tentacle (Abyss:1)
94 creatures vanquished.

Grand Total: 1122 creatures vanquished

Notes
Turn   | Place    | Note
-------+----------+-------------------------------------------
     0 | Abyss:1  | Gargoyl the Centaur Abyssal Knight began the quest for the Orb.
     0 | Abyss:1  | Reached XP level 1. HP: 19/19 MP: 2/2
   157 | Abyss:2  | Found a corrupted altar of Lugonu.
   158 | Abyss:2  | Noticed a large abomination
   185 | Abyss:2  | Noticed a guardian serpent
   187 | D:1      | Escaped the Abyss
   352 | D:1      | Reached XP level 2. HP: 23/26 MP: 3/3
   438 | D:1      | Reached skill level 2 in Axes
   798 | D:1      | Reached * piety under Lugonu
   894 | D:1      | Reached XP level 3. HP: 31/31 MP: 4/4
   993 | D:2      | Found an iron altar of Okawaru.
  1325 | D:2      | Reached XP level 4. HP: 15/40 MP: 5/5
  2100 | D:3      | Reached skill level 1 in Dodging
  2346 | D:3      | Reached ** piety under Lugonu
  2348 | D:3      | Reached XP level 5. HP: 21/46 MP: 7/7
  2348 | D:3      | Reached skill level 3 in Axes
  2408 | D:3      | Noticed Robin
  2417 | D:3      | Killed Robin
  2721 | D:3      | Found a shattered altar of Ashenzari.
  2999 | D:4      | Reached XP level 6. HP: 45/52 MP: 8/8
  3053 | D:4      | Found a staircase to the Ecumenical Temple.
  3194 | D:4      | Reached skill level 4 in Axes
  3240 | D:4      | Noticed a hippogriff
  3251 | D:4      | Killed a hippogriff
  3251 | D:4      | Reached XP level 7. HP: 36/60 MP: 9/9
  3527 | D:5      | Entered Level 5 of the Dungeon
  3637 | D:5      | Reached skill level 5 in Axes
  3653 | D:5      | Found a shimmering altar of Xom.
  3750 | D:5      | Reached *** piety under Lugonu
  3782 | D:5      | Found a burning altar of Makhleb.
  3786 | D:5      | Found a stormy altar of Qazlal.
  3854 | D:5      | Found a glowing drain.
  3858 | Sewer    | Entered a sewer
  3940 | Sewer    | Reached XP level 8. HP: 67/67 MP: 11/11
  4009 | Sewer    | Found a burning altar of Makhleb.
  4030 | Sewer    | Reached skill level 5 in Fighting
  4053 | Sewer    | Noticed Grinder
  4071 | Sewer    | Killed Grinder
  4071 | Sewer    | Reached skill level 6 in Axes
  4119 | Sewer    | Reached **** piety under Lugonu
  4661 | D:6      | Reached skill level 5 in Invocations
  4722 | D:6      | Noticed Edmund
  4733 | D:6      | Killed Edmund
  4996 | D:6      | HP: 3/69 [orc warrior/broad axe (19)]
  5244 | D:6      | Reached skill level 7 in Axes
  5244 | D:6      | Reached XP level 9. HP: 69/74 MP: 13/13
  5638 | D:7      | Reached skill level 5 in Armour
  5706 | D:7      | Reached skill level 1 in Shields
  5746 | D:7      | Reached ***** piety under Lugonu
  5867 | D:7      | Reached skill level 8 in Axes
  6108 | D:7      | Noticed Menkaure
  6115 | D:7      | Killed Menkaure
  6350 | D:7      | Found a white marble altar of Elyvilon.
  6819 | D:8      | Found an ornate altar of the Wu Jian Council.
  7167 | D:8      | You fall through a shaft!
  7233 | D:9      | Noticed a two-headed ogre
  7234 | D:9      | Found a staircase to the Orcish Mines.
  7260 | Orc:1    | Entered Level 1 of the Orcish Mines
  7261 | Orc:1    | Reached XP level 10. HP: 18/83 MP: 14/14
  7500 | D:9      | Killed a two-headed ogre
  7879 | D:9      | Reached skill level 9 in Axes
  8325 | D:9      | Found a deep blue altar of Sif Muna.
  8457 | D:10     | Entered Level 10 of the Dungeon
  8497 | D:10     | Noticed a manticore
  8504 | D:10     | Killed a manticore
  8583 | D:10     | Noticed Josephine
  8592 | D:10     | Killed Josephine
  8709 | D:10     | Reached XP level 11. HP: 77/91 MP: 17/17
  9001 | D:10     | Noticed Harold
  9028 | D:10     | Killed Harold
  9112 | D:10     | Noticed Erica
  9119 | D:10     | Killed Erica
  9230 | D:10     | Noticed a two-headed ogre
  9237 | D:10     | Killed a two-headed ogre
  9486 | D:11     | Reached skill level 10 in Axes
  9653 | D:11     | Reached ****** piety under Lugonu
  9674 | D:11     | Noticed a five-headed hydra
  9684 | D:11     | Banished a five-headed hydra
 10210 | D:11     | Found a staircase to the Lair.
 10694 | Lair:1   | Entered Level 1 of the Lair of Beasts
 10708 | Lair:1   | Gained mutation: You expend magic power (3 MP) to strengthen your wands. [potion of mutation]
 10708 | Lair:1   | Gained mutation: Your system is resistant to poisons. (rPois) [potion of mutation]
 10708 | Lair:1   | Gained mutation: Your movements are slightly less encumbered by armour. (ER -2) [potion of mutation]
 11006 | Lair:1   | Reached XP level 12. HP: 95/101 MP: 19/19
 11034 | Lair:1   | Found a labyrinth entrance.
 11043 | Lab      | Entered a labyrinth
 11321 | Lab      | Noticed a minotaur
 11332 | Lab      | Killed a minotaur
 11348 | Lab      | Identified the Disquisition on Stones
 11735 | Lair:2   | Found a staircase to the Shoals.
 11788 | Lair:2   | Found a dark tunnel.
 11791 | Volcano  | Entered a volcano
 11815 | Volcano  | Reached skill level 11 in Axes
 12111 | Volcano  | Reached skill level 10 in Invocations
 12630 | Lair:2   | Reached skill level 5 in Shields
 13222 | Lair:3   | Reached XP level 13. HP: 101/110 MP: 21/21
 13661 | Lair:3   | Reached skill level 12 in Axes
 14546 | Lair:4   | Found a hole to the Spider Nest.
 15105 | Lair:5   | Found a stormy altar of Qazlal.
 15158 | Lair:5   | Found a staircase to the Slime Pits.
 15158 | Lair:5   | Found a viscous altar of Jiyva.
 15374 | Lair:5   | Got an encrusted trident
 15375 | Lair:5   | Identified the +11 trident "Jimidwow" {speed, rC+ Str-4 Int+3} (You found it on level 5 of the Lair of Beasts)
 16033 | Lair:6   | Entered Level 6 of the Lair of Beasts
 16061 | Lair:6   | Found a stormy altar of Qazlal.
 16123 | Lair:6   | Reached XP level 14. HP: 54/118 MP: 16/23
 16157 | Lair:6   | Reached skill level 13 in Axes
 16580 | Lair:6   | Got a pair of bloodstained gloves
 16591 | Lair:6   | Identified the +1 pair of gloves "Tawnejas" {rElec Str+4} (You found it on level 6 of the Lair of Beasts)
 16709 | Lair:6   | Noticed Snorg
 16722 | Lair:6   | Killed Snorg
 17007 | Lair:6   | Reached skill level 10 in Fighting
 17351 | Lair:6   | Got a bloodstained great mace
 17816 | D:12     | Found an ancient bone altar of Kikubaaqudgha.
 18381 | D:12     | You fall through a shaft for 2 floors!
 18680 | D:14     | Reached skill level 14 in Axes
 18752 | D:14     | Identified a scroll of acquirement
 18753 | D:14     | Got an ichor-stained centaur barding
 18764 | D:14     | Identified the +0 centaur barding "Zuggi" {rElec MR+} (You acquired it on level 14 of the Dungeon)
 19644 | D:13     | Reached XP level 15. HP: 105/127 MP: 24/24
 19786 | D:13     | Reached skill level 10 in Armour
 19808 | D:13     | Found a gate to the Vaults.
 20156 | D:14     | Found Hueb's Assorted Antiques.
 20161 | D:14     | Bought a scroll of enchant armour for 247 gold pieces
 20327 | D:14     | Noticed Louise
 20352 | D:14     | Cast into level 3 of the Abyss (Louise)
 20566 | D:14     | Escaped the Abyss
 20576 | D:14     | Killed Louise
 20718 | D:14     | Found a portal to a secret trove of treasure.
 21379 | D:15     | Entered Level 15 of the Dungeon
 22009 | D:15     | Found a staircase to the Depths.
 23259 | Orc:2    | Entered Level 2 of the Orcish Mines
 23570 | Orc:2    | Found a roughly hewn altar of Beogh.
 24102 | Orc:2    | Found a staircase to the Elven Halls.
 24310 | Orc:1    | Noticed Maurice
 24346 | Orc:1    | Killed Maurice
 24346 | Orc:1    | Reached skill level 15 in Axes
 24905 | Orc:2    | Reached XP level 16. HP: 107/137 MP: 26/26
 25039 | Orc:2    | Found Jibinex's Food Emporium.
 25042 | Orc:2    | Found Icumaseq's Weapon Shoppe.
 25043 | Orc:2    | Found Fofughaq's Armour Emporium.
 25044 | Orc:2    | Found Guniteuts's Weapon Emporium.
 25348 | Spider:1 | Entered Level 1 of the Spider Nest
 25788 | Spider:1 | Noticed VanClaymore's ghost (adept GrBe)
 26035 | Spider:1 | Killed VanClaymore's ghost
 26165 | Spider:1 | Noticed Asterion
 26190 | Spider:1 | Killed Asterion
 26616 | Spider:1 | Noticed Donald
 26628 | Spider:1 | Killed Donald
 26749 | Spider:1 | Noticed Kirke
 26758 | Spider:1 | HP: 5/137 [wolf spider (3)]
 26759 | Abyss:1  | HP: 2/137 [poisoned by a wolf spider]
 26772 | Abyss:1  | Noticed a bone dragon
 26986 | Abyss:1  | Noticed a tentacled starspawn
 26997 | Abyss:1  | Killed a tentacled starspawn
 27112 | Spider:1 | Escaped the Abyss
 27137 | Abyss:2  | Found a corrupted altar of Lugonu.
 27334 | Spider:1 | Escaped the Abyss
 27340 | Spider:1 | Killed Kirke
 28578 | Spider:2 | Paralysed by a meliai for 7 turns
 28585 | Spider:2 | HP: 5/138 [jumping spider (4)]
 28585 | Spider:2 | Slain by a meliai

Skill      XL: |  1  2  3  4  5  6  7  8  9 10 11 12 13 14 15 16 |
---------------+-------------------------------------------------+-----
Axes           | 2 3 4 5 7 8 9 10 11 12 14 15 | 15.8
Armour         | 2 3 4 5 6 7 8 9 10 11 | 11.2
Dodging        | 1 2 |  2.3
Fighting       | 4 5 6 7 8 9 10 11 | 11.5
Invocations    | 3 4 5 6 8 9 10 12 13 14 | 14.5
Shields        | 2 3 4 5 6 7 8 9 |  9.2
Throwing       | |  0.3
Evocations     | |  0.1

Action                   |  1- 3 |  4- 6 |  7- 9 | 10-12 | 13-15 | 16-18 || total
-------------------------+-------+-------+-------+-------+-------+-------++-------
Melee: Broad axe         |    85 |   126 |   348 |   507 |  1289 |   432 ||  2787
       Kick              |     9 |    24 |   103 |   227 |   478 |   178 ||  1019
       War axe           |       |       |       |   224 |       |       ||   224
       Hand axe          |       |       |       |       |    11 |     9 ||    20
       Unarmed           |       |       |       |       |       |     4 ||     4
Throw: Tomahawk          |       |       |       |       |     2 |       ||     2
Invok: Depart the Abyss  |     1 |       |       |       |     1 |     2 ||     4
       Bend Space        |       |       |     2 |     2 |     1 |       ||     5
       Banish            |       |       |       |     7 |    10 |       ||    17
       Enter the Abyss   |       |       |       |       |       |     2 ||     2
Evoke: Wand              |       |       |     2 |     4 |       |       ||     6
  Use: Potion            |     2 |     1 |     2 |     5 |     4 |     8 ||    22
       Scroll            |       |     9 |     9 |     9 |    15 |     2 ||    44
 Stab: Paralysed         |       |       |     1 |       |       |       ||     1
       Petrifying        |       |       |       |       |     1 |       ||     1
  Eat: Chunk             |       |     2 |    11 |    22 |    35 |     5 ||    75
       Ration            |       |     1 |       |     2 |       |     2 ||     5
Armor: Leather armour    |    59 |    15 |       |       |       |       ||    74
       Plate armour      |       |   153 |   326 |   484 |   899 |   512 ||  2374
Dodge: Dodged            |    65 |    48 |    47 |    22 |    73 |    73 ||   328
Block: Large shield      |       |       |   179 |   666 |  1364 |   573 ||  2782
       Reflection        |       |       |     1 |     8 |    33 |     1 ||    43
